Rampage vs Crunch

Created - Wednesday, October 22, 2014 at 22:18

Goals
1 2 3 T
Rampage 1 1 0 2
Crunch 1 1 1 3
Shots
1 2 3 T
Rampage 12 7 5 24
Crunch 9 10 10 29

1st period

1. Crunch , Taylor Pyatt 5 (Ryan Strome) at 11:04
2. Rampage , Jack Hillen 2 (Andrei Loktionov, Matt Puempel) at 14:10

Penalties :
Eriah Hayes (SYR) for Interference (Minor) at 0:49, Nick Jensen (SYR) for Fighting (Major) at 6:32, Eric Boulton (SAN) for Fighting (Major) at 6:32, Danny Syvret (SYR) for Holding (Minor) at 8:03

2nd period

3. Rampage , Jesper Fast 2 (Charles-Olivier Roussel) at 3:02 (PP)
4. Crunch , Ryan Strome 4 (Taylor Pyatt) at 16:23 (PP)

Penalties :
Corban Knight (SYR) for Hooking (Minor) at 2:28, Farm Player22 (SAN) for Hooking (Minor) at 16:12, Farm Player21 (SAN) for Hooking (Minor) at 19:59

3rd period

5. Crunch , Eriah Hayes 1 (Markus Lauridsen, Nick Jensen) at 8:34

Penalties :
Zach Trotman (SYR) for Fighting (Major) at 3:37, Eric Boulton (SAN) for Fighting (Major) at 3:37, Will O'Neill (SAN) for Holding (Minor) at 11:55, Will O'Neill (SAN) for Holding (Minor) at 18:16

Goalie Stats

Matt Hackett (SAN), 26 saves from 29 shots - (0.897), L, 1-3-1, 60:00 minutes
Richard Bachman (SYR), 22 saves from 24 shots - (0.917), W, 3-1-0, 60:00 minutes

Players Stats for Rampage

Player Name              G  A  P  +/- PIM S  H  SB GA TA FO     MP     PP MP  PK MP  
------------------------------------------------------------------------------------
Adam Almquist            0  0  0   0  0   2  2  1  0  3  0/0    24:56   2:25   1:05 
Andrei Loktionov         0  1  1   1  0   1  2  0  4  0  11/22  22:36   2:09   4:01 
Andrey Pedan             0  0  0   0  0   0  1  1  0  1  0/0    12:22   0:00   0:00 
Charles-Olivier Roussel  0  1  1  -1  0   0  0  2  0  1  0/0    22:41   2:07   4:46 
Eric Boulton             0  0  0   0  10  2  1  0  3  0  0/0    14:22   0:00   0:34 
Farm Player21            0  0  0   0  2   0  1  0  0  1  5/10   20:03   2:23   1:49 
Farm Player22            0  0  0  -2  2   0  0  0  0  0  2/5    18:09   0:00   1:49 
Jack Hillen              1  0  1   0  0   6  0  1  0  4  0/1    25:28   2:25   1:30 
Jesper Fast              1  0  1   0  0   4  4  0  3  1  0/1    18:17   2:23   0:00 
Joe Diamond              0  0  0   0  0   0  0  0  0  0  0/0     0:00   0:00   0:00 
John Persson             0  0  0  -2  0   1  1  1  1  0  0/0    11:10   0:00   0:51 
Kirill Kabanov           0  0  0  -1  0   0  0  0  1  0  0/0    11:34   0:00   0:32 
Martin Frk               0  0  0  -1  0   0  0  1  4  2  0/0    18:17   2:23   0:00 
Matt Puempel             0  1  1   1  0   1  2  1  4  1  0/0    17:13   2:09   0:37 
Mikael Samuelsson        0  0  0   1  0   5  1  0  2  1  1/1    22:52   2:09   3:23 
Nick Tuzzolino           0  0  0   0  0   0  0  2  0  4  0/0    13:43   0:00   1:21 
Tim Miller               0  0  0   0  0   0  0  0  0  0  0/0     0:00   0:00   0:00 
Will O'Neill             0  0  0  -1  4   2  1  1  0  2  0/0    20:15   2:07   1:06 

Players Stats for Crunch

Player Name              G  A  P  +/- PIM S  H  SB GA TA FO     MP     PP MP  PK MP  
------------------------------------------------------------------------------------
Andre Petersson          0  0  0   1  0   2  2  0  0  0  0/0    17:36   3:23   0:00 
Anton Zlobin             0  0  0   0  0   0  1  0  1  0  0/0    11:57   0:00   0:00 
Brodie Reid              0  0  0  -1  0   0  1  0  1  1  0/0     8:58   0:00   0:00 
Chad Billins             0  0  0   0  0   3  1  1  0  0  0/0    22:24   3:00   2:40 
Corban Knight            0  0  0   1  2   0  1  0  1  1  3/8    16:20   2:28   0:00 
Danny Syvret             0  0  0   1  2   0  1  1  0  1  0/0    22:40   3:00   0:41 
Eriah Hayes              1  0  1   1  2   4  2  0  7  1  0/0    16:48   2:28   0:00 
Jordin Tootoo            0  0  0   1  0   3  1  0  2  0  0/1    16:21   2:28   0:00 
Karl Stollery            0  0  0   0  0   1  4  1  0  5  0/0    20:15   2:51   0:51 
Markus Lauridsen         0  1  1   1  0   1  2  0  0  0  0/0    20:10   0:00   3:00 
Matt Lindblad            0  0  0  -1  0   0  2  0  1  0  0/0    11:48   0:00   2:22 
Nick Jensen              0  1  1   0  5   2  3  2  0  0  0/0    17:24   0:00   1:52 
Phillip Danault          0  0  0  -1  0   0  1  1  2  1  1/3    11:48   0:00   2:22 
Ryan Strome              1  1  2   1  0   2  0  0  6  0  8/12   17:36   3:23   0:00 
Stanislav Galiev         0  0  0   0  0   3  2  0  3  0  0/0    14:14   0:00   2:10 
Taylor Pyatt             1  1  2   1  0   2  1  2  6  0  0/0    17:36   3:23   0:00 
Travis Oleksuk           0  0  0   0  0   5  0  1  3  1  9/16   14:14   0:00   2:10 
Zach Trotman             0  0  0   0  5   1  0  0  2  1  0/0    17:09   2:51   0:00 

3 Stars

1 - Taylor Pyatt (SYR)
2 - Ryan Strome (SYR)
3 - Jesper Fast (SAN)

Power Play

Rampage - 1 on 3 Attempt(s) - 33.33%
Crunch - 1 on 4 Attempt(s) - 25.00%

Penalty Kill

Rampage - 3 on 4 Attempt(s) - 75.00% - Score 0 goal in Penalty Kill
Crunch - 2 on 3 Attempt(s) - 66.67% - Score 0 goal in Penalty Kill

Official

Referees : Unknown
Linesman : Unknown

Game Notes

Eric Boulton beats up Nick Jensen at 6:32 of 1st period
Kirill Kabanov is injured at 1:57 of 3rd period (Abdomen/Ribs)
Zach Trotman beats up Eric Boulton at 3:37 of 3rd period

Finance

Level 1 -- Attendance: 1393 (69.65%) -- Ticket Income $34,825
Level 2 -- Attendance: 778 (77.80%) -- Ticket Income $7,780
Total Attendance: 2171 (72.37%)
Total Ticket Income: $42,605
Other Income: $20,876
Total Income: $63,481

Rampage

5 vs 5 Forward 
   Center                   Left Wing                Right Wing               Time % Phy DF OF 
 1 Andrei Loktionov         Matt Puempel             Mikael Samuelsson        35     1   2  2  
 2 Farm Player21            Jesper Fast              Martin Frk               30     1   2  2  
 3 Farm Player22            Eric Boulton             Kirill Kabanov           22     1   2  2  
 4 Andrei Loktionov         John Persson             Mikael Samuelsson        13     1   2  2  

5 vs 5 Defense 
   Defense                  Defense                                           Time % Phy DF OF 
 1 Jack Hillen              Adam Almquist                                     35     1   2  2  
 2 Charles-Olivier Roussel  Will O'Neill                                      30     1   2  2  
 3 Andrey Pedan             Nick Tuzzolino                                    22     1   2  2  
 4 Jack Hillen              Adam Almquist                                     13     1   2  2  

PowerPlay Forward 
   Center                   Left Wing                Right Wing               Time % Phy DF OF 
 1 Andrei Loktionov         Matt Puempel             Mikael Samuelsson        60     1   2  2  
 2 Farm Player21            Jesper Fast              Martin Frk               40     1   2  2  

PowerPlay Defense
   Defense                  Defense                                           Time % Phy DF OF 
 1 Jack Hillen              Adam Almquist                                     60     1   2  2  
 2 Charles-Olivier Roussel  Will O'Neill                                      40     1   2  2  

Penalty Kill 4 Players Forward 
   Center                   Wing                     Time % Phy DF OF 
 1 Andrei Loktionov         Mikael Samuelsson        60     1   2  2  
 2 Matt Puempel             Jesper Fast              40     1   2  2  

Penalty Kill 4 Players Defense
   Defense                  Defense                  Time % Phy DF OF 
 1 Jack Hillen              Adam Almquist            60     1   2  2  
 2 Charles-Olivier Roussel  Will O'Neill             40     1   2  2  

Penalty Kill - 3 Players Forward 
   Forward                                           Time % Phy DF OF 
 1 Andrei Loktionov                                  60     1   2  2  
 2 Mikael Samuelsson                                 40     1   2  2  

Penalty Kill - 3 Players Defense
   Defense                  Defense                  Time % Phy DF OF 
 1 Jack Hillen              Adam Almquist            60     1   2  2  
 2 Charles-Olivier Roussel  Will O'Neill             40     1   2  2  

4 vs 4 Forward 
   Center                   Wing                     Time % Phy DF OF 
 1 Andrei Loktionov         Mikael Samuelsson        60     1   2  2  
 2 Matt Puempel             Jesper Fast              40     1   2  2  

4 vs 4 Defense
   Defense                  Defense                  Time % Phy DF OF 
 1 Jack Hillen              Adam Almquist            60     1   2  2  
 2 Charles-Olivier Roussel  Will O'Neill             40     1   2  2  

Last Minutes Offensive
   Center                   Left Wing                Right Wing               Defense                  Defense                  
   Andrei Loktionov         Matt Puempel             Mikael Samuelsson        Jack Hillen              Adam Almquist            

Last Minutes Defensive
   Center                   Left Wing                Right Wing               Defense                  Defense                  
   Andrei Loktionov         Matt Puempel             Mikael Samuelsson        Jack Hillen              Adam Almquist            

Goaltenders
Starting : Matt Hackett             
Backup : Martin Biron             

Extra Forwards
Normal : Eric Boulton, John Persson, Kirill Kabanov - PP : Eric Boulton, John Persson - PK : Kirill Kabanov
Extra Defensemen
Normal : Andrey Pedan, Nick Tuzzolino, Farm Player22 - PP : Andrey Pedan - PK : Nick Tuzzolino, Farm Player22
Penalty Shots
Andrei Loktionov, Mikael Samuelsson, Matt Puempel, Jesper Fast, Eric Boulton

Crunch

5 vs 5 Forward 
   Center                   Left Wing                Right Wing               Time % Phy DF OF 
 1 Ryan Strome              Andre Petersson          Taylor Pyatt             30     1   2  2  
 2 Corban Knight            Jordin Tootoo            Eriah Hayes              30     1   2  2  
 3 Travis Oleksuk           Stanislav Galiev         Anton Zlobin             25     1   2  2  
 4 Phillip Danault          Matt Lindblad            Brodie Reid              15     1   2  2  

5 vs 5 Defense 
   Defense                  Defense                                           Time % Phy DF OF 
 1 Danny Syvret             Chad Billins                                      34     1   2  2  
 2 Zach Trotman             Karl Stollery                                     33     1   2  2  
 3 Nick Jensen              Markus Lauridsen                                  33     1   2  2  
 4 Danny Syvret             Chad Billins                                      0      0   5  0  

PowerPlay Forward 
   Center                   Left Wing                Right Wing               Time % Phy DF OF 
 1 Ryan Strome              Andre Petersson          Taylor Pyatt             60     0   1  4  
 2 Corban Knight            Jordin Tootoo            Eriah Hayes              40     0   2  3  

PowerPlay Defense
   Defense                  Defense                                           Time % Phy DF OF 
 1 Danny Syvret             Chad Billins                                      60     0   2  3  
 2 Zach Trotman             Karl Stollery                                     40     0   2  3  

Penalty Kill 4 Players Forward 
   Center                   Wing                     Time % Phy DF OF 
 1 Travis Oleksuk           Stanislav Galiev         50     1   4  0  
 2 Phillip Danault          Matt Lindblad            50     1   4  0  

Penalty Kill 4 Players Defense
   Defense                  Defense                  Time % Phy DF OF 
 1 Nick Jensen              Markus Lauridsen         50     1   4  0  
 2 Danny Syvret             Chad Billins             50     1   4  0  

Penalty Kill - 3 Players Forward 
   Forward                                           Time % Phy DF OF 
 1 Travis Oleksuk                                    50     1   4  0  
 2 Phillip Danault                                   50     1   4  0  

Penalty Kill - 3 Players Defense
   Defense                  Defense                  Time % Phy DF OF 
 1 Nick Jensen              Markus Lauridsen         50     1   4  0  
 2 Danny Syvret             Chad Billins             50     1   4  0  

4 vs 4 Forward 
   Center                   Wing                     Time % Phy DF OF 
 1 Ryan Strome              Taylor Pyatt             60     0   1  4  
 2 Corban Knight            Eriah Hayes              40     1   2  2  

4 vs 4 Defense
   Defense                  Defense                  Time % Phy DF OF 
 1 Danny Syvret             Chad Billins             50     1   2  2  
 2 Zach Trotman             Karl Stollery            50     1   2  2  

Last Minutes Offensive
   Center                   Left Wing                Right Wing               Defense                  Defense                  
   Ryan Strome              Andre Petersson          Taylor Pyatt             Danny Syvret             Chad Billins             

Last Minutes Defensive
   Center                   Left Wing                Right Wing               Defense                  Defense                  
   Ryan Strome              Andre Petersson          Taylor Pyatt             Danny Syvret             Chad Billins             

Goaltenders
Starting : Richard Bachman          
Backup : Michael Houser           

Extra Forwards
Normal : Ryan Strome, Eriah Hayes, Taylor Pyatt - PP : Ryan Strome, Eriah Hayes - PK : Taylor Pyatt
Extra Defensemen
Normal : Danny Syvret, Chad Billins, Zach Trotman - PP : Danny Syvret - PK : Danny Syvret, Chad Billins
Penalty Shots
Andre Petersson, Ryan Strome, Eriah Hayes, Jordin Tootoo, Corban Knight

% Time on Ice - Rampage

Lines # - Real PCT - Wanted PCT - Time Play
Normal Forward
1 - 30% - 35% - 14:47
2 - 28% - 30% - 14:06
3 - 36% - 22% - 17:39
4 - 6% - 13% - 3:04
Normal Defense
1 - 32% - 35% - 16:01
2 - 32% - 30% - 15:48
3 - 25% - 22% - 12:22
4 - 11% - 13% - 5:25
PP Forward
1 - 47% - 60% - 2:09
2 - 53% - 40% - 2:23
PP Defense
1 - 53% - 60% - 2:25
2 - 47% - 40% - 2:07
PK Forward
1 - 100% - 60% - 5:52
2 - 0% - 40% - 0:00
PK Defense
1 - 18% - 60% - 1:05
2 - 82% - 40% - 4:47
PK3 Forward
1 - 0% - 60%
2 - 0% - 40%
PK3 Defense
1 - 0% - 60%
2 - 0% - 40%
44 Forward
1 - 0% - 60%
2 - 0% - 40%
44 Defense
1 - 0% - 60%
2 - 0% - 40%
Last Minute Offensive  - 0:00
Last Minute Defensive  - 0:00
Total
Forward - 60:00
Defense - 60:00

% Time on Ice - Crunch

Lines # - Real PCT - Wanted PCT - Time Play
Normal Forward
1 - 29% - 30% - 14:20
2 - 29% - 30% - 14:21
3 - 24% - 25% - 11:57
4 - 18% - 15% - 8:58
Normal Defense
1 - 32% - 34% - 15:51
2 - 34% - 33% - 16:42
3 - 34% - 33% - 17:03
4 - 0% - 0% - 0:00
PP Forward
1 - 58% - 60% - 3:23
2 - 42% - 40% - 2:29
PP Defense
1 - 51% - 60% - 3:00
2 - 49% - 40% - 2:52
PK Forward
1 - 48% - 50% - 2:10
2 - 52% - 50% - 2:22
PK Defense
1 - 66% - 50% - 3:00
2 - 34% - 50% - 1:32
PK3 Forward
1 - 0% - 50%
2 - 0% - 50%
PK3 Defense
1 - 0% - 50%
2 - 0% - 50%
44 Forward
1 - 0% - 60%
2 - 0% - 40%
44 Defense
1 - 0% - 50%
2 - 0% - 50%
Last Minute Offensive  - 0:00
Last Minute Defensive  - 0:00
Total
Forward - 60:00
Defense - 60:00

Play by Play

1st period


0:01 of 1st period - Ryan Strome wins face-off versus Andrei Loktionov in neutral zone.
0:49 of 1st period - Minor Penalty to Eriah Hayes for Interference.
0:50 of 1st period - Travis Oleksuk wins face-off versus Farm Player21 in Crunch zone.
1:40 of 1st period - Charles-Olivier Roussel is hit by Stanislav Galiev and loses puck.
1:56 of 1st period - Travis Oleksuk is hit by Matt Puempel and loses puck.
2:07 of 1st period - Wrist shot by Mikael Samuelsson.
2:07 of 1st period - Stopped by Richard Bachman without a rebound.
2:08 of 1st period - Andrei Loktionov wins face-off versus Travis Oleksuk in Crunch zone.
2:23 of 1st period - Matt Lindblad is hit by Andrei Loktionov and loses puck.
2:36 of 1st period - Snap shot by Matt Puempel.
2:36 of 1st period - Shot Misses the Net.
2:38 of 1st period - Slapshot by Adam Almquist.
2:38 of 1st period - Stopped by Richard Bachman with a rebound.
2:49 of 1st period - Penalty to Eriah Hayes is over, Eriah Hayes is back on ice.
3:16 of 1st period - Snap shot by Eric Boulton.
3:16 of 1st period - Stopped by Richard Bachman without a rebound.
3:17 of 1st period - Ryan Strome wins face-off versus Farm Player21 in Crunch zone.
3:17 of 1st period - Ryan Strome is hit by Andrey Pedan.
4:09 of 1st period - Nick Jensen is hit by Mikael Samuelsson and loses puck.
4:33 of 1st period - Off-side.
4:34 of 1st period - Farm Player21 wins face-off versus Corban Knight in neutral zone.
4:43 of 1st period - Snap shot by Jesper Fast.
4:43 of 1st period - Stopped by Richard Bachman with a rebound.
4:45 of 1st period - Snap shot by Martin Frk.
4:45 of 1st period - Shot Misses the Net.
5:03 of 1st period - Slapshot by Jordin Tootoo.
5:03 of 1st period - Shot Misses the Net.
5:05 of 1st period - Snap shot by Eriah Hayes.
5:05 of 1st period - Deflect By Charles-Olivier Roussel.
5:05 of 1st period - Stopped by Matt Hackett with a rebound.
5:36 of 1st period - Off-side.
5:37 of 1st period - Andrei Loktionov wins face-off versus Travis Oleksuk in neutral zone.
5:44 of 1st period - Wrist shot by Andrei Loktionov.
5:44 of 1st period - Shot Misses the Net.
6:18 of 1st period - Jack Hillen is hit by Anton Zlobin and loses puck.
6:32 of 1st period - Eric Boulton beats up Nick Jensen.
6:32 of 1st period - Penalty to Nick Jensen for Fighting.
6:32 of 1st period - Penalty to Eric Boulton for Fighting.
6:33 of 1st period - Corban Knight wins face-off versus Andrei Loktionov in Crunch zone.
6:40 of 1st period - Eriah Hayes is hit by Matt Puempel and loses puck.
7:30 of 1st period - Wrist shot by Taylor Pyatt.
7:30 of 1st period - Shot Blocked by Charles-Olivier Roussel.
7:32 of 1st period - Slapshot by Markus Lauridsen.
7:32 of 1st period - Deflect By Ryan Strome.
7:32 of 1st period - Stopped by Matt Hackett with a rebound.
7:34 of 1st period - Wrist shot by Andre Petersson.
7:34 of 1st period - Shot Misses the Net.
8:03 of 1st period - Minor Penalty to Danny Syvret for Holding.
8:04 of 1st period - Travis Oleksuk wins face-off versus Andrei Loktionov in Crunch zone.
10:03 of 1st period - Penalty to Danny Syvret is over, Danny Syvret is back on ice.
10:07 of 1st period - Snap shot by Jack Hillen.
10:07 of 1st period - Stopped by Richard Bachman with a rebound.
10:09 of 1st period - Wrist shot by Matt Puempel.
10:09 of 1st period - Deflect By Stanislav Galiev.
10:09 of 1st period - Shot Blocked by Travis Oleksuk.
10:09 of 1st period - Puck is out of play.
10:10 of 1st period - Andrei Loktionov wins face-off versus Corban Knight in Crunch zone.
11:02 of 1st period - Snap shot by Ryan Strome.
11:02 of 1st period - Shot Misses the Net.
11:04 of 1st period - Wrist shot by Taylor Pyatt.
11:04 of 1st period - Goal by Taylor Pyatt - Rampage : 0 - Crunch : 1.
11:05 of 1st period - Farm Player21 wins face-off versus Phillip Danault in neutral zone.
11:41 of 1st period - Snap shot by Matt Puempel.
11:41 of 1st period - Stopped by Richard Bachman without a rebound.
11:42 of 1st period - Travis Oleksuk wins face-off versus Andrei Loktionov in Crunch zone.
11:55 of 1st period - Matt Puempel is hit by Stanislav Galiev.
12:35 of 1st period - Will O'Neill is hit by Karl Stollery and loses puck.
12:44 of 1st period - Backhand shot by Taylor Pyatt.
12:44 of 1st period - Shot Misses the Net.
12:46 of 1st period - Snap shot by Taylor Pyatt.
12:46 of 1st period - Stopped by Matt Hackett with a rebound.
13:00 of 1st period - Wrist shot by Taylor Pyatt.
13:00 of 1st period - Deflect By Ryan Strome.
13:00 of 1st period - Shot Misses the Net.
13:00 of 1st period - Puck is out of play.
13:01 of 1st period - Farm Player21 wins face-off versus Corban Knight in Rampage zone.
13:48 of 1st period - Markus Lauridsen is hit by Jesper Fast.
13:52 of 1st period - Andrey Pedan is hit by Nick Jensen.
14:06 of 1st period - Wrist shot by Andrei Loktionov.
14:06 of 1st period - Shot Misses the Net.
14:08 of 1st period - Snap shot by Jack Hillen.
14:08 of 1st period - Deflect By Phillip Danault.
14:08 of 1st period - Stopped by Richard Bachman with a rebound.
14:10 of 1st period - Slapshot by Jack Hillen.
14:10 of 1st period - Deflect By Markus Lauridsen.
14:10 of 1st period - Goal by Jack Hillen - Rampage : 1 - Crunch : 1.
14:11 of 1st period - Travis Oleksuk wins face-off versus Andrei Loktionov in neutral zone.
14:18 of 1st period - Snap shot by Travis Oleksuk.
14:18 of 1st period - Stopped by Matt Hackett with a rebound.
14:20 of 1st period - Snap shot by Travis Oleksuk.
14:20 of 1st period - Shot Misses the Net.
14:36 of 1st period - Slapshot by Chad Billins.
14:36 of 1st period - Stopped by Matt Hackett with a rebound.
14:38 of 1st period - Backhand shot by Chad Billins.
14:38 of 1st period - Shot Misses the Net.
14:40 of 1st period - Slapshot by Chad Billins.
14:40 of 1st period - Stopped by Matt Hackett with a rebound.
14:42 of 1st period - Backhand shot by Stanislav Galiev.
14:42 of 1st period - Stopped by Matt Hackett with a rebound.
14:44 of 1st period - Wrist shot by Travis Oleksuk.
14:44 of 1st period - Shot Blocked by Adam Almquist.
16:21 of 1st period - Jordin Tootoo is hit by John Persson and loses puck.
16:43 of 1st period - Wrist shot by Eric Boulton.
16:43 of 1st period - Shot Misses the Net.
17:33 of 1st period - Adam Almquist is hit by Markus Lauridsen and loses puck.
17:55 of 1st period - Slapshot by Adam Almquist.
17:55 of 1st period - Stopped by Richard Bachman without a rebound.
17:56 of 1st period - Travis Oleksuk wins face-off versus Farm Player22 in Crunch zone.
18:27 of 1st period - Wrist shot by Travis Oleksuk.
18:27 of 1st period - Shot Misses the Net.
18:29 of 1st period - Wrist shot by Stanislav Galiev.
18:29 of 1st period - Stopped by Matt Hackett with a rebound.
18:31 of 1st period - Backhand shot by Stanislav Galiev.
18:31 of 1st period - Shot Misses the Net.
19:18 of 1st period - Slapshot by Will O'Neill.
19:18 of 1st period - Stopped by Richard Bachman with a rebound.
19:26 of 1st period - Snap shot by Eric Boulton.
19:26 of 1st period - Stopped by Richard Bachman with a rebound.
19:28 of 1st period - Slapshot by Will O'Neill.
19:28 of 1st period - Stopped by Richard Bachman with a rebound.
Goals for this period are 1 for Rampage vs 1 for Crunch.
Shots for this period are 12 for Rampage vs 9 for Crunch.

2nd period


0:01 of 2nd period - Corban Knight wins face-off versus Andrei Loktionov in neutral zone.
0:08 of 2nd period - Wrist shot by Jordin Tootoo.
0:08 of 2nd period - Stopped by Matt Hackett with a rebound.
0:10 of 2nd period - Snap shot by Jordin Tootoo.
0:10 of 2nd period - Stopped by Matt Hackett with a rebound.
0:22 of 2nd period - Slapshot by Eriah Hayes.
0:22 of 2nd period - Stopped by Matt Hackett with a rebound.
0:24 of 2nd period - Slapshot by Chad Billins.
0:24 of 2nd period - Deflect By Eriah Hayes.
0:24 of 2nd period - Shot Misses the Net.
0:24 of 2nd period - Puck is out of play.
0:25 of 2nd period - Travis Oleksuk wins face-off versus Farm Player21 in Rampage zone.
1:23 of 2nd period - Snap shot by Andre Petersson.
1:23 of 2nd period - Stopped by Matt Hackett with a rebound.
2:28 of 2nd period - Minor Penalty to Corban Knight for Hooking.
2:29 of 2nd period - Travis Oleksuk wins face-off versus Farm Player21 in Crunch zone.
3:02 of 2nd period - Wrist shot by Jesper Fast.
3:02 of 2nd period - Goal by Jesper Fast - Rampage : 2 - Crunch : 1.
3:03 of 2nd period - Ryan Strome wins face-off versus Andrei Loktionov in neutral zone.
3:08 of 2nd period - Snap shot by Ryan Strome.
3:08 of 2nd period - Shot Misses the Net.
3:29 of 2nd period - Off-side.
3:30 of 2nd period - Farm Player21 wins face-off versus Travis Oleksuk in neutral zone.
3:33 of 2nd period - Stanislav Galiev is hit by Jesper Fast and loses puck.
4:24 of 2nd period - Mikael Samuelsson is hit by Eriah Hayes and loses puck.
4:45 of 2nd period - Slapshot by Jack Hillen.
4:45 of 2nd period - Shot Misses the Net.
4:47 of 2nd period - Wrist shot by Jack Hillen.
4:47 of 2nd period - Shot Misses the Net.
4:49 of 2nd period - Wrist shot by Jack Hillen.
4:49 of 2nd period - Shot Misses the Net.
4:51 of 2nd period - Wrist shot by Mikael Samuelsson.
4:51 of 2nd period - Stopped by Richard Bachman with a rebound.
5:54 of 2nd period - Zach Trotman is hit by Adam Almquist and loses puck.
6:25 of 2nd period - Andrei Loktionov is hit by Matt Lindblad and loses puck.
7:03 of 2nd period - Snap shot by Travis Oleksuk.
7:03 of 2nd period - Shot Blocked by Martin Frk.
7:05 of 2nd period - Snap shot by Travis Oleksuk.
7:05 of 2nd period - Stopped by Matt Hackett with a rebound.
7:18 of 2nd period - Andrey Pedan is hit by Chad Billins.
7:59 of 2nd period - Snap shot by Mikael Samuelsson.
7:59 of 2nd period - Stopped by Richard Bachman with a rebound.
8:01 of 2nd period - Slapshot by Will O'Neill.
8:01 of 2nd period - Deflect By Andrei Loktionov.
8:01 of 2nd period - Shot Blocked by Nick Jensen.
8:01 of 2nd period - Puck is out of play.
8:02 of 2nd period - Mikael Samuelsson wins face-off versus Phillip Danault in Crunch zone.
8:29 of 2nd period - Icing by Karl Stollery.
8:30 of 2nd period - Phillip Danault wins face-off versus Jesper Fast in Crunch zone.
9:23 of 2nd period - Snap shot by Stanislav Galiev.
9:23 of 2nd period - Stopped by Matt Hackett with a rebound.
9:25 of 2nd period - Snap shot by Travis Oleksuk.
9:25 of 2nd period - Stopped by Matt Hackett with a rebound.
9:43 of 2nd period - Wrist shot by Mikael Samuelsson.
9:43 of 2nd period - Shot Misses the Net.
10:08 of 2nd period - Taylor Pyatt is hit by Eric Boulton and loses puck.
10:32 of 2nd period - Snap shot by Corban Knight.
10:32 of 2nd period - Shot Misses the Net.
11:18 of 2nd period - Slapshot by Brodie Reid.
11:18 of 2nd period - Shot Misses the Net.
11:20 of 2nd period - Snap shot by Matt Lindblad.
11:20 of 2nd period - Shot Blocked by Nick Tuzzolino.
11:22 of 2nd period - Slapshot by Nick Jensen.
11:22 of 2nd period - Deflect By Phillip Danault.
11:22 of 2nd period - Shot Misses the Net.
11:22 of 2nd period - Puck is out of play.
11:23 of 2nd period - Andrei Loktionov wins face-off versus Travis Oleksuk in Rampage zone.
11:38 of 2nd period - Wrist shot by Travis Oleksuk.
11:38 of 2nd period - Stopped by Matt Hackett without a rebound.
11:39 of 2nd period - Andrei Loktionov wins face-off versus Travis Oleksuk in Rampage zone.
12:16 of 2nd period - Eric Boulton is hit by Markus Lauridsen and loses puck.
12:25 of 2nd period - Backhand shot by Eric Boulton.
12:25 of 2nd period - Shot Misses the Net.
12:27 of 2nd period - Slapshot by Jack Hillen.
12:27 of 2nd period - Stopped by Richard Bachman with a rebound.
12:29 of 2nd period - Snap shot by Kirill Kabanov.
12:29 of 2nd period - Shot Blocked by Nick Jensen.
12:41 of 2nd period - Jack Hillen is hit by Nick Jensen.
13:35 of 2nd period - Slapshot by Chad Billins.
13:35 of 2nd period - Shot Misses the Net.
13:37 of 2nd period - Snap shot by Jordin Tootoo.
13:37 of 2nd period - Shot Misses the Net.
13:55 of 2nd period - Adam Almquist is hit by Phillip Danault and loses puck.
14:06 of 2nd period - Slapshot by John Persson.
14:06 of 2nd period - Stopped by Richard Bachman with a rebound.
14:18 of 2nd period - Charles-Olivier Roussel is hit by Brodie Reid and loses puck.
15:23 of 2nd period - John Persson is hit by Taylor Pyatt and loses puck.
15:33 of 2nd period - Slapshot by Markus Lauridsen.
15:33 of 2nd period - Deflect By Matt Puempel.
15:33 of 2nd period - Stopped by Matt Hackett with a rebound.
15:35 of 2nd period - Backhand shot by Nick Jensen.
15:35 of 2nd period - Shot Blocked by Charles-Olivier Roussel.
15:49 of 2nd period - Snap shot by Jordin Tootoo.
15:49 of 2nd period - Deflect By Eriah Hayes.
15:49 of 2nd period - Shot Misses the Net.
15:49 of 2nd period - Puck is out of play.
15:50 of 2nd period - Farm Player22 wins face-off versus Jordin Tootoo in Rampage zone.
16:12 of 2nd period - Minor Penalty to Farm Player22 for Hooking.
16:13 of 2nd period - Ryan Strome wins face-off versus Andrei Loktionov in Rampage zone.
16:23 of 2nd period - Slapshot by Taylor Pyatt.
16:23 of 2nd period - Deflect By Ryan Strome.
16:23 of 2nd period - Goal by Ryan Strome - Rampage : 2 - Crunch : 2.
16:24 of 2nd period - Corban Knight wins face-off versus Farm Player22 in neutral zone.
17:30 of 2nd period - Wrist shot by Jesper Fast.
17:30 of 2nd period - Shot Misses the Net.
17:32 of 2nd period - Snap shot by Jesper Fast.
17:32 of 2nd period - Stopped by Richard Bachman without a rebound.
17:33 of 2nd period - Farm Player21 wins face-off versus Travis Oleksuk in Crunch zone.
17:42 of 2nd period - Snap shot by Jesper Fast.
17:42 of 2nd period - Shot Misses the Net.
18:40 of 2nd period - Snap shot by Matt Lindblad.
18:40 of 2nd period - Shot Misses the Net.
18:42 of 2nd period - Snap shot by Brodie Reid.
18:42 of 2nd period - Deflect By Jesper Fast.
18:42 of 2nd period - Shot Misses the Net.
18:42 of 2nd period - Puck is out of play.
18:43 of 2nd period - Ryan Strome wins face-off versus Farm Player21 in Rampage zone.
19:12 of 2nd period - Slapshot by Mikael Samuelsson.
19:12 of 2nd period - Stopped by Richard Bachman with a rebound.
19:14 of 2nd period - Slapshot by Jack Hillen.
19:14 of 2nd period - Shot Blocked by Karl Stollery.
19:57 of 2nd period - Wrist shot by Jordin Tootoo.
19:57 of 2nd period - Shot Blocked by Andrey Pedan.
19:59 of 2nd period - Minor Penalty to Farm Player21 for Hooking.
Goals for this period are 1 for Rampage vs 1 for Crunch.
Shots for this period are 7 for Rampage vs 10 for Crunch.

3rd period


0:01 of 3rd period - Andrei Loktionov wins face-off versus Ryan Strome in neutral zone.
0:16 of 3rd period - Jack Hillen is hit by Andre Petersson and loses puck.
0:33 of 3rd period - Wrist shot by Andre Petersson.
0:33 of 3rd period - Stopped by Matt Hackett with a rebound.
0:35 of 3rd period - Snap shot by Danny Syvret.
0:35 of 3rd period - Shot Blocked by Jack Hillen.
1:12 of 3rd period - Andrei Loktionov is hit by Danny Syvret and loses puck.
1:41 of 3rd period - Will O'Neill is hit by Andre Petersson and loses puck.
1:56 of 3rd period - Kirill Kabanov is hit by Jordin Tootoo and loses puck.
1:57 of 3rd period - Kirill Kabanov from Rampage is injured at 1:57 of 3rd period (Abdomen/Ribs).
1:58 of 3rd period - Ryan Strome wins face-off versus Andrei Loktionov in Rampage zone.
1:59 of 3rd period - Penalty to Farm Player21 is over, Farm Player21 is back on ice.
2:07 of 3rd period - Slapshot by Jack Hillen.
2:07 of 3rd period - Stopped by Richard Bachman with a rebound.
2:09 of 3rd period - Slapshot by Jack Hillen.
2:09 of 3rd period - Shot Misses the Net.
2:11 of 3rd period - Slapshot by Andrei Loktionov.
2:11 of 3rd period - Deflect By Mikael Samuelsson.
2:11 of 3rd period - Shot Blocked by Taylor Pyatt.
2:11 of 3rd period - Puck is out of play.
2:12 of 3rd period - Ryan Strome wins face-off versus Andrei Loktionov in Crunch zone.
2:12 of 3rd period - Ryan Strome is hit by Andrei Loktionov.
2:35 of 3rd period - Slapshot by Jack Hillen.
2:35 of 3rd period - Stopped by Richard Bachman with a rebound.
2:37 of 3rd period - Wrist shot by Andrei Loktionov.
2:37 of 3rd period - Shot Blocked by Chad Billins.
2:39 of 3rd period - Wrist shot by Matt Puempel.
2:39 of 3rd period - Shot Misses the Net.
2:41 of 3rd period - Slapshot by Adam Almquist.
2:41 of 3rd period - Shot Blocked by Danny Syvret.
3:10 of 3rd period - Karl Stollery is hit by Farm Player21.
3:37 of 3rd period - Zach Trotman beats up Eric Boulton.
3:37 of 3rd period - Penalty to Zach Trotman for Fighting.
3:37 of 3rd period - Penalty to Eric Boulton for Fighting.
3:38 of 3rd period - Andrei Loktionov wins face-off versus Travis Oleksuk in Rampage zone.
3:57 of 3rd period - Wrist shot by Travis Oleksuk.
3:57 of 3rd period - Shot Blocked by Will O'Neill.
4:29 of 3rd period - Brodie Reid is hit by Jesper Fast and loses puck.
5:32 of 3rd period - Snap shot by Eriah Hayes.
5:32 of 3rd period - Shot Misses the Net.
5:34 of 3rd period - Snap shot by Karl Stollery.
5:34 of 3rd period - Stopped by Matt Hackett with a rebound.
5:36 of 3rd period - Snap shot by Jordin Tootoo.
5:36 of 3rd period - Shot Misses the Net.
6:03 of 3rd period - Wrist shot by Taylor Pyatt.
6:03 of 3rd period - Shot Blocked by Matt Puempel.
6:05 of 3rd period - Slapshot by Chad Billins.
6:05 of 3rd period - Shot Misses the Net.
6:07 of 3rd period - Wrist shot by Taylor Pyatt.
6:07 of 3rd period - Shot Blocked by Nick Tuzzolino.
6:38 of 3rd period - Snap shot by Travis Oleksuk.
6:38 of 3rd period - Stopped by Matt Hackett with a rebound.
6:46 of 3rd period - Icing by Adam Almquist.
6:47 of 3rd period - Travis Oleksuk wins face-off versus Farm Player22 in Rampage zone.
6:50 of 3rd period - Snap shot by Anton Zlobin.
6:50 of 3rd period - Shot Misses the Net.
7:20 of 3rd period - Jack Hillen is hit by Matt Lindblad.
8:10 of 3rd period - Karl Stollery is hit by Will O'Neill and loses puck.
8:17 of 3rd period - Charles-Olivier Roussel is hit by Karl Stollery and loses puck.
8:28 of 3rd period - Wrist shot by Eriah Hayes.
8:28 of 3rd period - Shot Blocked by John Persson.
8:30 of 3rd period - Snap shot by Nick Jensen.
8:30 of 3rd period - Stopped by Matt Hackett with a rebound.
8:32 of 3rd period - Slapshot by Nick Jensen.
8:32 of 3rd period - Stopped by Matt Hackett with a rebound.
8:34 of 3rd period - Snap shot by Markus Lauridsen.
8:34 of 3rd period - Deflect By Eriah Hayes.
8:34 of 3rd period - Goal by Eriah Hayes - Rampage : 2 - Crunch : 3.
8:35 of 3rd period - Andrei Loktionov wins face-off versus Ryan Strome in neutral zone.
8:42 of 3rd period - Snap shot by Matt Puempel.
8:42 of 3rd period - Shot Misses the Net.
8:48 of 3rd period - Wrist shot by Mikael Samuelsson.
8:48 of 3rd period - Stopped by Richard Bachman with a rebound.
8:50 of 3rd period - Slapshot by Charles-Olivier Roussel.
8:50 of 3rd period - Shot Blocked by Taylor Pyatt.
8:52 of 3rd period - Wrist shot by Andrei Loktionov.
8:52 of 3rd period - Stopped by Richard Bachman without a rebound.
8:53 of 3rd period - Andrei Loktionov wins face-off versus Ryan Strome in Crunch zone.
9:11 of 3rd period - Off-side.
9:12 of 3rd period - Farm Player22 wins face-off versus Corban Knight in neutral zone.
10:01 of 3rd period - Adam Almquist is hit by Corban Knight and loses puck.
10:15 of 3rd period - Corban Knight is hit by Jesper Fast and loses puck.
10:43 of 3rd period - Zach Trotman is hit by Adam Almquist and loses puck.
11:55 of 3rd period - Minor Penalty to Will O'Neill for Holding.
11:56 of 3rd period - Ryan Strome wins face-off versus Andrei Loktionov in Rampage zone.
13:10 of 3rd period - Off-side.
13:11 of 3rd period - Andrei Loktionov wins face-off versus Corban Knight in neutral zone.
13:55 of 3rd period - Penalty to Will O'Neill is over, Will O'Neill is back on ice.
13:57 of 3rd period - Snap shot by Eriah Hayes.
13:57 of 3rd period - Shot Misses the Net.
13:59 of 3rd period - Slapshot by Chad Billins.
13:59 of 3rd period - Stopped by Matt Hackett with a rebound.
14:16 of 3rd period - Icing by Charles-Olivier Roussel.
14:17 of 3rd period - Travis Oleksuk wins face-off versus Jack Hillen in Rampage zone.
15:06 of 3rd period - Nick Tuzzolino is hit by Nick Jensen and loses puck.
15:46 of 3rd period - Will O'Neill is hit by Karl Stollery and loses puck.
16:25 of 3rd period - Slapshot by Jack Hillen.
16:25 of 3rd period - Shot Misses the Net.
16:43 of 3rd period - Wrist shot by Jordin Tootoo.
16:43 of 3rd period - Stopped by Matt Hackett with a rebound.
16:45 of 3rd period - Snap shot by Eriah Hayes.
16:45 of 3rd period - Stopped by Matt Hackett with a rebound.
16:47 of 3rd period - Backhand shot by Danny Syvret.
16:47 of 3rd period - Shot Misses the Net.
17:17 of 3rd period - Wrist shot by Jesper Fast.
17:17 of 3rd period - Stopped by Richard Bachman with a rebound.
17:19 of 3rd period - Slapshot by Adam Almquist.
17:19 of 3rd period - Shot Blocked by Phillip Danault.
18:00 of 3rd period - Snap shot by Corban Knight.
18:00 of 3rd period - Shot Misses the Net.
18:05 of 3rd period - Slapshot by Karl Stollery.
18:05 of 3rd period - Shot Misses the Net.
18:16 of 3rd period - Minor Penalty to Will O'Neill for Holding.
18:17 of 3rd period - Andrei Loktionov wins face-off versus Ryan Strome in Rampage zone.
18:45 of 3rd period - Slapshot by Charles-Olivier Roussel.
18:45 of 3rd period - Shot Misses the Net.
19:09 of 3rd period - Snap shot by Eriah Hayes.
19:09 of 3rd period - Shot Misses the Net.
19:11 of 3rd period - Snap shot by Zach Trotman.
19:11 of 3rd period - Deflect By Matt Puempel.
19:11 of 3rd period - Stopped by Matt Hackett with a rebound.
19:23 of 3rd period - John Persson is hit by Karl Stollery.
19:29 of 3rd period - Farm Player22 is hit by Eriah Hayes and loses puck.
Goals for this period are 0 for Rampage vs 1 for Crunch.
Shots for this period are 5 for Rampage vs 10 for Crunch.


Output by the SimonT Hockey Simulator (STHS) for Eric Dolegowski -- Original Page W3C XHTML 1.0 Valid
Hockey Simulator - Hockey Simulation - Hockey Manager